 Dungeon Crawl Stone Soup version 0.29.0-4-gdea44cf6ec (webtiles) character file.

Game seed: 16534473918404665573

95 qw the Caller (level 4, -2/36 HPs)
             Began as a Ghoul Summoner on Sept 9, 2022.
             Slain by an orc wizard
             ... wielding a +0 dagger
              (3 damage)
             ... on level 3 of the Dungeon.
             The game lasted 00:01:34 (2967 turns).

qw the Caller (Ghoul Summoner)                      Turns: 2967, Time: 00:01:35

Health: -2/36      AC:  6    Str: 13    XL:     4   Next: 66%
Magic:  5/5        EV:  9    Int: 10    God:
Gold:   194        SH:  0    Dex:  9    Spells: 5/6 levels left

rFire   + . .      SeeInvis .   f - +0 broad axe
rCold   + + .      Faith    .   (no shield)
rNeg    + + +      Spirit   .   h - +0 scale mail
rPois   inf        Reflect  .   (no helmet)
rElec   .          Harm     .   a - scarf {rC+ rF+}
rCorr   .          Rampage  .   (no gloves)
Will    .....                   (no boots)
Stlth   ..........              (no amulet)
HPRegen 0.00/turn               (no ring)
MPRegen 0.09/turn               (no ring)

@: inhibited regen
A: claws 1, cold resistance 1, negative energy resistance 3, inhibited
regeneration, torment resistance 2, devour on kill
a: no special abilities


You were on level 3 of the Dungeon.
You visited 1 branch of the dungeon, and saw 3 of its levels.

You collected 194 gold pieces.


Innate Abilities, Weirdness & Mutations

You are immune to poison.
You have sharp fingernails.
Your flesh is cold resistant. (rC+)
You are immune to negative energy. (rN+++)
You do not regenerate when monsters are visible.
You are immune to unholy pain and torment.
You thrive by killing the living.


   Skills:
 - Level 2.0 Fighting
 + Level 3.2 Axes
 - Level 1.7 Dodging
 - Level 2.1 Stealth
 - Level 1.7 Spellcasting
 - Level 3.6 Summonings


You had 5 spell levels left.
You knew the following spells:

 Your Spells              Type           Power      Damage    Failure   Level
a - Summon Small Mammal   Summ           32%        N/A       36%         1

Your spell library contained the following spells:

 Spells                   Type           Power      Damage    Failure   Level
 Call Imp                 Summ           8%         N/A       50%         2
 Call Canine Familiar     Summ           8%         N/A       73%         3
 Summon Guardian Golem    Hex/Summ       4%         N/A       93%         3
 Summon Lightning Spire   Summ/Air       4%         N/A       100%        4

Inventory:

Hand Weapons
 f - a +0 broad axe (weapon)
Missiles
 c - 2 boomerangs (quivered)
Armour
 a - a scarf of resistance (worn)
 h - a +0 scale mail (worn)
Scrolls
 e - 2 scrolls of teleportation
 i - 5 scrolls of identify
Potions
 d - a potion of degeneration {unknown}
 g - a potion of curing
 k - 2 potions of heal wounds

Dungeon Overview and Level Annotations

Branches:
Dungeon (3/15)

Altars:

Shops:
D:1 =


Message History

Something hits you but does no damage.
You closely miss something. Something hits you. x2
You closely miss something. Something hits you.
You closely miss something. Something hits you but does no damage.
You hear some strange, mumbled words.
You are confused.
2956 ||| DRINKING 2 potions of curing.
You feel better.
2956 ||| (to cure confusion)
Something hits you.
You hit something. Something hits you.
You miss something. Something hits you but does no damage.
You miss something. Something hits you but does no damage. Something hits you.
You closely miss something. Something hits you but does no damage.
You completely miss something. Something hits you.
You hear some strange, mumbled words.
Something tries to affect you, but you resist.
You barely miss something. Something hits you but does no damage.
You closely miss something. Something hits you.
You hear some strange, mumbled words.
A magic dart appears from out of thin air!
The magic dart hits you.
You closely miss something. Something hits you but does no damage.
You closely miss something. Something hits you but does no damage.
Something hits you.
You miss something. Something hits you but does no damage.
You closely miss something. Something hits you but does no damage.
Something hits you.
You die...

######......#####
#....#......##... .
#....#......##... ..
.##....#......##...
>..
.......'......##...
..<
.#######.......#...
###.. ####....#...
......#######
#.)..#...
#..!)@....####........
#.#..{......%.........
###.....############
.....##### # ......#
...?..# .....)#
......# ....


There were no monsters in sight!

Vanquished Creatures
  2 adders (D:2)
  A dart slug (D:2)
  3 orcs (D:3)
  6 ball pythons
  5 bats
  4 endoplasms
  3 giant cockroaches
  7 goblins
  3 hobgoblins
  4 jackals (D:2)
  4 quokkas (D:2)
  3 frilled lizards
  6 kobolds
  6 rats
57 creatures vanquished.

Vanquished Creatures (collateral kills)
  A ball python (D:1)
  2 bats (D:1)
  A goblin (D:1)
  A hobgoblin (D:1)
  A frilled lizard (D:1)
  2 kobolds (D:1)
  3 rats (D:1)
11 creatures vanquished.

Grand Total: 68 creatures vanquished

Notes
Turn   | Place    | Note
-------+----------+-------------------------------------------
     0 | D:1      | qw the Ghoul Summoner began the quest for the Orb.
     0 | D:1      | Reached XP level 1. HP: 14/14 MP: 2/2
     0 | D:1      | 0 ||| qw: Version: 0.1-a-113-g051387a
     0 | D:1      | 0 ||| qw: Game counter: 7119
     0 | D:1      | 0 ||| qw: Always use a shield: true
     0 | D:1      | 0 ||| qw: God list: Okawaru
     0 | D:1      | 0 ||| qw: Allow faded altars: false
     0 | D:1      | 0 ||| qw: Do Orc after D:15 true
     0 | D:1      | 0 ||| qw: Do second Lair branch before Depths: true
     0 | D:1      | 0 ||| qw: Lair rune preference: random
     0 | D:1      | 0 ||| qw: Plans: Normal
     0 | D:1      | 0 ||| PLANNING D:1-11
    34 | D:1      | 34 ||| CASTING Summon Small Mammal
    35 | D:1      | 35 ||| CASTING Summon Small Mammal
    47 | D:1      | 47 ||| CASTING Summon Small Mammal
   168 | D:1      | 168 ||| Wielding weapon +0 whip.
   192 | D:1      | 192 ||| CASTING Summon Small Mammal
   193 | D:1      | 193 ||| CASTING Summon Small Mammal
   252 | D:1      | 252 ||| CASTING Summon Small Mammal
   253 | D:1      | 253 ||| CASTING Summon Small Mammal
   283 | D:1      | 283 ||| CASTING Summon Small Mammal
   284 | D:1      | 284 ||| CASTING Summon Small Mammal
   285 | D:1      | 285 ||| Stepping ~*~*~tactically~*~*~ (outnumbered).
   289 | D:1      | Reached skill level 1 in Axes
   326 | D:1      | Found Poaxip's Jewellery Shop.
   328 | D:1      | 328 ||| CASTING Summon Small Mammal
   329 | D:1      | 329 ||| CASTING Summon Small Mammal
   354 | D:1      | 354 ||| CASTING Summon Small Mammal
   355 | D:1      | 355 ||| CASTING Summon Small Mammal
   366 | D:1      | 366 ||| CASTING Summon Small Mammal
   368 | D:1      | Reached XP level 2. HP: 19/22 MP: 0/3
   406 | D:1      | 406 ||| SHOPLISTING +6 ring of dexterity (468 gold, have
                  | 9).
   406 | D:1      | 406 ||| SHOPLISTING +6 ring of strength (468 gold, have 9).
   406 | D:1      | 406 ||| SHOPLISTING amulet of regeneration (390 gold, have
                  | 9).
   406 | D:1      | 406 ||| SHOPLISTING ring of protection from fire (325 gold,
                  | have 9).
   406 | D:1      | 406 ||| SHOPLISTING ring of see invisible (195 gold, have
                  | 9).
   414 | D:1      | 414 ||| CASTING Summon Small Mammal
   415 | D:1      | 415 ||| CASTING Summon Small Mammal
   416 | D:1      | 416 ||| CASTING Summon Small Mammal
   418 | D:1      | Reached skill level 1 in Fighting
   452 | D:1      | 452 ||| CASTING Summon Small Mammal
   453 | D:1      | 453 ||| CASTING Summon Small Mammal
   454 | D:1      | 454 ||| CASTING Summon Small Mammal
   504 | D:1      | 504 ||| CASTING Summon Small Mammal
   505 | D:1      | 505 ||| CASTING Summon Small Mammal
   506 | D:1      | 506 ||| CASTING Summon Small Mammal
   585 | D:1      | 585 ||| CASTING Summon Small Mammal
   586 | D:1      | 586 ||| CASTING Summon Small Mammal
   587 | D:1      | 587 ||| CASTING Summon Small Mammal
   594 | D:1      | 594 ||| Stepping ~*~*~tactically~*~*~ (outnumbered).
   595 | D:1      | 595 ||| Stepping ~*~*~tactically~*~*~ (outnumbered).
   597 | D:1      | 597 ||| CASTING Summon Small Mammal
   598 | D:1      | 598 ||| Stepping ~*~*~tactically~*~*~ (outnumbered).
   766 | D:1      | 766 ||| CASTING Summon Small Mammal
   767 | D:1      | 767 ||| CASTING Summon Small Mammal
   768 | D:1      | 768 ||| CASTING Summon Small Mammal
   811 | D:1      | 811 ||| CASTING Summon Small Mammal
   812 | D:1      | 812 ||| CASTING Summon Small Mammal
   813 | D:1      | 813 ||| CASTING Summon Small Mammal
   859 | D:1      | 859 ||| CASTING Summon Small Mammal
   860 | D:1      | 860 ||| CASTING Summon Small Mammal
   861 | D:1      | 861 ||| CASTING Summon Small Mammal
   912 | D:1      | 912 ||| CASTING Summon Small Mammal
   913 | D:1      | 913 ||| CASTING Summon Small Mammal
   914 | D:1      | 914 ||| CASTING Summon Small Mammal
   934 | D:1      | 934 ||| CASTING Summon Small Mammal
   937 | D:1      | 937 ||| CASTING Summon Small Mammal
   989 | D:1      | 989 ||| CASTING Summon Small Mammal
   990 | D:1      | 990 ||| CASTING Summon Small Mammal
   991 | D:1      | 991 ||| CASTING Summon Small Mammal
  1031 | D:1      | 1031 ||| CASTING Summon Small Mammal
  1032 | D:1      | 1032 ||| CASTING Summon Small Mammal
  1033 | D:1      | 1033 ||| CASTING Summon Small Mammal
  1077 | D:1      | 1077 ||| CASTING Summon Small Mammal
  1078 | D:1      | 1078 ||| CASTING Summon Small Mammal
  1079 | D:1      | 1079 ||| CASTING Summon Small Mammal
  1085 | D:1      | Reached XP level 3. HP: 28/28 MP: 0/4
  1123 | D:1      | 1123 ||| CASTING Summon Small Mammal
  1124 | D:1      | 1124 ||| CASTING Summon Small Mammal
  1125 | D:1      | 1125 ||| CASTING Summon Small Mammal
  1126 | D:1      | 1126 ||| CASTING Summon Small Mammal
  1224 | D:1      | 1224 ||| CASTING Summon Small Mammal
  1225 | D:1      | 1225 ||| CASTING Summon Small Mammal
  1226 | D:1      | 1226 ||| CASTING Summon Small Mammal
  1227 | D:1      | 1227 ||| CASTING Summon Small Mammal
  1305 | D:1      | 1305 ||| CASTING Summon Small Mammal
  1306 | D:1      | 1306 ||| CASTING Summon Small Mammal
  1307 | D:1      | 1307 ||| CASTING Summon Small Mammal
  1308 | D:1      | 1308 ||| CASTING Summon Small Mammal
  1374 | D:1      | 1374 ||| CASTING Summon Small Mammal
  1375 | D:1      | 1375 ||| CASTING Summon Small Mammal
  1376 | D:1      | 1376 ||| CASTING Summon Small Mammal
  1377 | D:1      | 1377 ||| CASTING Summon Small Mammal
  1683 | D:1      | 1683 ||| UPGRADING to +0 scale mail.
  1693 | D:1      | 1693 ||| DROPPING +0 robe.
  1694 | D:1      | 1694 ||| READING 2 scrolls labelled ISUYNEISEF.
  1698 | D:1      | 1698 ||| READING scroll labelled YNWUPLA JITE.
  1699 | D:1      | 1699 ||| READING 2 scrolls labelled QYTAOTOETS.
  1700 | D:1      | 1700 ||| READING scroll labelled YWIRAQ PIXT.
  1701 | D:1      | 1701 ||| DROPPING potion of magic.
  1798 | D:2      | 1798 ||| SWAPPING to +2 vampiric dagger.
  1799 | D:2      | 1799 ||| DROPPING +0 whip of draining.
  1825 | D:2      | 1825 ||| Stepping ~*~*~tactically~*~*~ (stealth).
  1833 | D:2      | 1833 ||| Stepping ~*~*~tactically~*~*~ (stealth).
  1835 | D:2      | 1835 ||| Stepping ~*~*~tactically~*~*~ (stealth).
  2085 | D:2      | Reached XP level 4. HP: 36/36 MP: 5/5
  2117 | D:2      | 2117 ||| Stepping ~*~*~tactically~*~*~ (stealth).
  2118 | D:2      | 2118 ||| Stepping ~*~*~tactically~*~*~ (stealth).
  2420 | D:2      | 2420 ||| SWAPPING to +0 vorpal long sword.
  2432 | D:2      | 2432 ||| Stepping ~*~*~tactically~*~*~ (stealth).
  2437 | D:2      | Reached skill level 3 in Axes
  2437 | D:2      | 2437 ||| Stepping ~*~*~tactically~*~*~ (stealth).
  2775 | D:2      | 2775 ||| UPGRADING to scarf of resistance.
  2780 | D:2      | 2780 ||| READING scroll labelled JAZAANW IMEMUR.
  2781 | D:2      | 2781 ||| DRINKING 2 murky silvery potions.
  2782 | D:2      | 2782 ||| DRINKING 3 fuming ruby potions.
  2783 | D:2      | 2783 ||| READING 5 scrolls of identify.
  2783 | D:2      | 2783 ||| IDENTIFYING grey potion
  2784 | D:2      | 2784 ||| READING 4 scrolls of identify.
  2784 | D:2      | 2784 ||| IDENTIFYING ruby potion
  2785 | D:2      | 2785 ||| READING 3 scrolls of identify.
  2785 | D:2      | 2785 ||| IDENTIFYING smoky ruby potion
  2786 | D:2      | 2786 ||| DROPPING potion of brilliance.
  2787 | D:2      | 2787 ||| DROPPING potion of invisibility.
  2788 | D:2      | 2788 ||| DROPPING potion of flight.
  2896 | D:3      | 2896 ||| SWAPPING to +0 broad axe.
  2897 | D:3      | 2897 ||| DROPPING +2 vampiric dagger.
  2898 | D:3      | 2898 ||| DROPPING +0 vorpal long sword.
  2935 | D:3      | 2935 ||| Stepping ~*~*~tactically~*~*~ (stealth).
  2936 | D:3      | 2936 ||| Stepping ~*~*~tactically~*~*~ (stealth).
  2953 | D:3      | HP: 9/36 [something (3)]
  2956 | D:3      | 2956 ||| DRINKING 2 potions of curing.
  2956 | D:3      | 2956 ||| (to cure confusion)
  2961 | D:3      | HP: 9/36 [something (1)]
  2963 | D:3      | HP: 2/36 [something/magic dart (6)]
  2967 | D:3      | Slain by an orc wizard

Levels and vault maps discovered:
D:1:      dpeg_arrival_long_road, layout_basic, serial_shops,
          nicolae_square_shop, minmay_pentomino_s2
D:2:      kennysheep_six_static_rooms, layout_loops_ring
D:3:      layout_basic

Skill      XL: |  1  2  3  4 |
---------------+-------------+-----
Axes           | 1 2 3 |  3.2
Fighting       | 1 2 |  2.0
Dodging        | |  1.7
Stealth        | |  2.1
Spellcasting   | |  1.7
Summonings     | |  3.6

Action                   |  1- 3 |  4- 6 || total
-------------------------+-------+-------++-------
Melee: Whip              |    50 |       ||    50
       Unarmed           |     4 |       ||     4
       Dagger            |    69 |    37 ||   106
       Broad axe         |       |    35 ||    35
       Long sword        |       |    32 ||    32
Throw: Boomerang         |     7 |    29 ||    36
 Cast: Summon Small Mamm |    58 |       ||    58
  Use: Scroll            |     4 |     4 ||     8
       Potion            |       |     3 ||     3
 Stab: Distracted        |       |     1 ||     1
Armor: Robe              |    20 |       ||    20
       Scale mail        |    46 |    57 ||   103
Dodge: Dodged            |    65 |    40 ||   105

Table legend:
 A = Non-vault XP
 B = Vault XP
 C = Vault XP percentage of total XP
 D = Non-vault monster count
 E = Vault monster count
 F = Vault count percentage of total count
                 A         B        C        D         E       F
            +---------+---------+-------+---------+---------+-------
      Total |     116 |      21 |  15.3 |      60 |       8 |  11.8
            +---------+---------+-------+---------+---------+-------
        D:1 |      40 |       2 |   4.8 |      24 |       2 |   7.7
        D:2 |      62 |      19 |  23.5 |      29 |       6 |  17.1
        D:3 |      14 |       0 |   0.0 |       7 |       0 |   0.0
            +---------+---------+-------+---------+---------+-------
